 Zot Defence DCSS version 0.15.2 (webtiles) character file.

154 shmeve the Skirmisher (level 5, 0/46 HPs)
             Began as a Minotaur Death Knight on May 25, 2016.
             Was a Believer of Yredelemnul.
             Slain by a quokka (3 damage)
             ... in the Realm of Zot (Scenario I: Hall of Zot).
             The game lasted 00:04:01 (510 turns).

shmeve the Skirmisher (Minotaur Death Knight)        Turns: 510, Time: 00:04:02

HP   0/46        AC  3     Str 18      XL: 5   Next: 13%
MP   5/5         EV 11     Int  8      God: Yredelemnul [**....]
Gold 0           SH  0     Dex 10      Spells:  0 memorised,  4 levels left

rFire  . . .     SeeInvis .     a - +1 hand axe
rCold  . . .     Clarity  .     b - +0 leather armour
rNeg   . . .     rCorr    .     (no shield)
rPois  .         rRot     .     (helmet restricted)
rElec  .         Spirit   .     (no cloak)
SustAb .         Warding  .     (no gloves)
rMut   .         Stasis   .     (no boots)
Gourm  .                        (no amulet)
MR     .....                    (no ring)
                                (no ring)

@: not resistant to hostile enchantments, very unstealthy
A: retaliatory headbutt, horns 2
a: Make oklob sapling, Make arrow trap, Make plant, Remove Curse, Make burning
bush, Animate Remains, Recall Undead Slaves, Injury Mirror, Renounce Religion


You were in the Realm of Zot.
You worshipped Yredelemnul.
Yredelemnul was pleased with you.
You were not hungry.

You visited 1 branch

Inventory:

Hand weapons
 a - a +1 hand axe (weapon)
Armour
 b - a +0 leather armour (worn)
Comestibles
 d - a bread ration
 j - 2 chunks of worm flesh
Scrolls
 i - a scroll of blinking
Potions
 c - 3 potions of curing
 e - a potion of heal wounds
 f - a potion of haste
 g - 2 potions of magic
 h - a potion of berserk rage


   Skills:
 * Level 4.2 Fighting
 * Level 3.6 Axes
 + Level 2.1 Armour
 + Level 1.8 Dodging
 + Level 3.7 Invocations


You had 4 spell levels left.
You didn't know any spells.

Dungeon Overview and Level Annotations

Branches:
    Zot (1/1)

Altars:


Innate Abilities, Weirdness & Mutations

You reflexively headbutt those who attack you in melee.
You have a pair of horns on your head.


Message History

The quokka bites you.
* * * LOW HITPOINT WARNING * * *
You hit the green rat.
The green rat is lightly wounded.
You hit the quokka but do no damage. Your headbutt misses the quokka.
The adder bites your oklob sapling. The quokka misses you.
The green rat closely misses you.
The adder bites your oklob sapling but does no damage.
You hit the green rat but do no damage.
The green rat is lightly wounded.
You miss the quokka. The quokka misses you.
Your oklob sapling spits acid at the adder.
The splash of acid hits the adder.
The adder writhes in agony as its flesh is eaten away!
The adder dies!
The green rat bites you.
* * * LOW HITPOINT WARNING * * *
The quokka bites you.
You die...
Your body rises from the dead as a mindless zombie.

▓▓▓▓▓▓▓▓ ▓▓▓▓▓▓▓▓ ....▓▓▓▓
▓▓▓▓.... .......▓▓▓ ▓▓▓.......
.........▓▓ ▓▓.........
..........▓ ▓▓▓▓▓▓▓▓▓ ▓..........
..........▓▓▓.......▓▓▓..........
..........▓▓.........▓▓..........
..........▓....P......▓..........
............)))r@r...............
..........▓....)......▓..........
..........▓▓.........▓▓..........
..........▓▓▓.......▓▓▓..........
..........# ▓▓▓▓▓▓▓▓▓ #..........
.........## ##.........
.......### ###....... ....####
####.... ######### #########


You could see a green rat, a quokka and a friendly oklob sapling.

Vanquished Creatures
  A hound (Zot)
  A worm (Zot)
  2 oozes (Zot)
  A giant cockroach (Zot)
  A hobgoblin (Zot)
  A jackal (Zot)
  6 kobolds (Zot)
  2 ball pythons (Zot)
  4 bats (Zot)
  2 giant newts (Zot)
  A goblin (Zot)
  4 rats (Zot)
26 creatures vanquished.

Vanquished Creatures (collateral kills)
  An adder (Zot)
  A worm (Zot)
  An ooze (Zot)
  A ball python (Zot)
  A quokka (Zot)
  A goblin (Zot)
  3 kobolds (Zot)
9 creatures vanquished.

Vanquished Creatures (others)
  A bat zombie (Zot)
  A goblin zombie (Zot)
  A hobgoblin zombie (Zot)
  A jackal zombie (Zot)
  3 kobold zombies (Zot)
  2 rat zombies (Zot)
9 creatures vanquished.

Grand Total: 44 creatures vanquished

Notes
Turn   | Place    | Note
--------------------------------------------------------------
     0 | Zot      | shmeve, the Minotaur Death Knight, began the quest for the Orb.
     0 | Zot      | Reached XP level 1. HP: 18/18 MP: 1/1
   209 | Zot      | Reached skill level 3 in Invocations
   212 | Zot      | Reached XP level 2. HP: 22/25 MP: 1/2
   328 | Zot      | Reached XP level 3. HP: 25/30 MP: 2/4
   398 | Zot      | Acquired Yredelemnul's second power
   438 | Zot      | Reached XP level 4. HP: 19/38 MP: 3/5
   506 | Zot      | Reached skill level 4 in Fighting
   506 | Zot      | Reached XP level 5. HP: 14/46 MP: 5/5
   510 | Zot      | Slain by a quokka

Action                   |  1- 3 |  4- 6 || total
-------------------------+-------+-------++-------
Melee: Hand axe          |    49 |    16 ||    65
Invok: Animate Remains   |     7 |     2 ||     9
 Abil: Make oklob saplin |       |     1 ||     1
